Meltem the Farting Queen, lawful female human Samurai --------- |.......| |.......| ----- |..._...| |... |....I..| ---- --..--------- | |.......| | ....-- --...|.......| |. ----.---- .| ......---%...|A......| |.....[%......| ........@A@...A...@@..| ---.%.......--- ........---....|.......| -----/----- .......-- --...|.......| --.$%....- ---.--- --..--------- --..[%))...--------...| |... |..).%.%....|.........| ----- --.........--...------ --..%....--....| I----%----...--- ..`.%....`.| ------------ Meltem the Farting Queen the Daimyo Experience level: 23 Strength: 25 Dexterity: 19 Constitution: 18 Intelligence: 12 Wisdom: 14 Charisma: 11 Health: 185(185) Energy: 91(91) Def: 40 Gold: 0 Moves: 29010 Dungeon seed: SG1Nso90zdRCc01c Game ID: Meltem the Farting Queen_1518641473 Your Inventory: Amulets J - a blessed amulet of life saving (being worn) Weapons a - the uncursed rustproof +6 Snickersnee (weapon in hand) c - 37 uncursed +0 shuriken (in quiver) d - 17 uncursed +1 shuriken Armor e - an uncursed fireproof +4 pair of speed boots (being worn) n - a blessed greased +3 shield of reflection (being worn) q - a blessed greased rustproof +3 pair of gauntlets of power (being worn) v - an uncursed greased +3 helm of brilliance (being worn) y - an uncursed +3 gray dragon scale mail (being worn) N - an uncursed thoroughly burnt +0 cloak of displacement (being worn) Comestibles j - 3 uncursed K-rations C - a cursed lizard corpse Z - 3 uncursed lumps of royal jelly Scrolls X - an uncursed scroll of remove curse Potions k - a blessed potion of extra healing U - an uncursed potion of full healing Rings E - a cursed ring of conflict (on right hand) H - an uncursed ring of levitation M - an uncursed ring of shock resistance O - an uncursed ring of free action (on left hand) Wands g - an uncursed wand of death (0:0) t - an uncursed wand of death (0:3) V - an uncursed wand of digging (0:2) Tools b - an uncursed +0 unicorn horn h - an uncursed +2 unicorn horn i - an uncursed blindfold l - an uncursed greased sack r - an uncursed stethoscope s - a blessed greased bag of holding u - an uncursed osaku L - an uncursed magic lamp (lit) Gems w - a blessed luckstone Contents of the sack: a blessed scroll of remove curse 2 potions of holy water Contents of the bag of holding: an uncursed amulet of reflection 7 uncursed corroded +0 shuriken an uncursed +0 pair of water walking boots 2 uncursed sprigs of wolfsbane an uncursed tin of spinach 4 blessed scrolls of blank paper 18 uncursed scrolls of blank paper a cursed scroll of blank paper 2 uncursed scrolls of charging an uncursed scroll of destroy armor a cursed scroll of destroy armor a blessed scroll of earth an uncursed scroll of earth a cursed scroll of enchant armor 2 cursed scrolls of enchant weapon a blessed scroll of fire 2 blessed scrolls of gold detection 3 blessed scrolls of identify a blessed scroll of remove curse an uncursed scroll of scare monster 2 uncursed scrolls of teleportation 2 cursed scrolls of teleportation an uncursed potion of acid 3 uncursed potions of confusion an uncursed potion of extra healing 2 blessed potions of gain energy 2 uncursed potions of gain level 3 uncursed potions of healing 4 potions of holy water a blessed potion of invisibility an uncursed potion of see invisible 4 uncursed potions of speed a potion of unholy water 2 uncursed potions of water a cursed ring of aggravate monster a cursed ring of conflict an uncursed ring of fire resistance an uncursed ring of free action an uncursed ring of free action an uncursed +2 ring of increase accuracy a cursed ring of invisibility an uncursed ring of levitation a cursed ring of levitation an uncursed ring of polymorph control an uncursed ring of regeneration an uncursed ring of searching an uncursed ring of see invisible an uncursed ring of shock resistance an uncursed ring of slow digestion an uncursed +3 ring of stealth an uncursed ring of sustain ability an uncursed ring of warning an uncursed wand of cold (1:4) an uncursed wand of cold (0:2) an uncursed wand of digging (0:7) a cursed wand of digging (0:7) an uncursed wand of digging (0:2) an uncursed wand of fire (0:2) an uncursed wand of lightning (0:6) an uncursed wand of lightning (0:4) an uncursed wand of polymorph (0:5) an uncursed wand of sleep (0:0) a blessed wand of speed monster (0:1) an uncursed wand of striking (0:6) an uncursed wand of striking (0:4) an uncursed wand of striking (0:2) an uncursed wand of teleportation (0:4) an uncursed magic marker (0:6) an uncursed tinning kit (0:60) an uncursed diamond 2 uncursed emeralds Spells and supernatural/magical abilities: Name Level Category Fail Memory a - stone to flesh 3* healing 100% 0% W - pray for help -- divine ? -- Your skills at the end: Miscellaneous Skills martial arts [Basic] shield [Skilled] wands [Skilled] stealth [Basic] Weapon Skills short sword [Basic] long sword [Expert] bow [Basic] shuriken [Skilled] Spellcasting Skills Final Attributes: You were piously aligned. You were fire resistant. You were cold resistant. You were sleep resistant. You were disintegration-resistant. You were shock resistant. You were poison resistant. You were magic-protected. You saw invisible. You were telepathic. You were invisible to others. You were displaced. You were somewhat stealthy. You caused conflict. You had teleport control. You were protected. You were very fast. You had reflection. You had free action. Your life would have been saved. You were extremely lucky. You had extra luck. Good luck did not time out for you. You survived. Vanquished creatures: Asmodeus Dispater Orcus Yeenoghu Juiblex The Wizard of Yendor (7 times) Famine (thrice) a high priest a mammoth Vlad the Impaler Medusa 9 iron golems 2 gray dragons 2 white dragons 2 black dragons a blue dragon a green dragon 8 storm giants 2 titans 14 deep ettins 4 glass golems 4 balrogs 10 purple worms 12 minotaurs 11 jabberwocks Ashikaga Takauji 12 baluchitheria 4 Angels 2 young red dragons 2 young white dragons a young black dragon 3 young blue dragons a young green dragon 2 demiliches 3 stone golems a master mind flayer 17 Olog-hai 3 Nazgul 21 pit fiends 12 sandestins 5 hell hounds 16 titanotheres 8 trappers a baby gray dragon a gryphon 29 vampire lords 6 shades 4 skeletons a shopkeeper 18 aligned priests 10 captains 3 liches 5 clay golems 18 nurses 22 ice devils 10 nalfeshnees 5 lurkers above 5 frost giants 2 golden nagas a black pudding 21 vampires 40 ghosts 10 ettins 3 lieutenants a cavewoman 11 samurai a wizard 2 queen bees 4 winged gargoyles a mind flayer 3 giant mimics 3 fire giants 12 ogre kings 12 Elvenkings 3 ice trolls 19 rock trolls 15 umber hulks 6 flesh golems 11 doppelgangers 24 hezrous 28 bone devils 5 salamanders 5 large mimics 2 wumpuses 6 fire vortices a baby purple worm 14 long worms 2 couatls 40 stalkers 12 air elementals 9 fire elementals 6 earth elementals 4 water elementals 10 hill giants 3 giant mummies 20 elf-lords 9 xorns 13 giant zombies 17 sergeants 2 barbed devils 46 vrocks 4 wargs a winter wolf 11 hell hound pups 3 quantum mechanics 6 small mimics 3 island nymphs 4 glass piercers 10 warhorses 9 steam vortices 16 xans 7 ettin mummies 9 ogre lords 35 trolls 3 wood golems 2 erinyes 8 mariliths a pyrolisk 2 large dogs a freezing sphere 4 flaming spheres 8 shocking spheres 2 large cats 10 tigers 14 gargoyles 2 tengu 9 gelatinous cubes 6 ochre jellies 10 chameleons 3 leocrottas 6 energy vortices 4 mountain centaurs a giant 5 elf mummies 3 human mummies 2 red nagas 5 green slimes 7 Grey-elves 10 pit vipers 6 pythons 9 cobras 60 wraiths 13 ettin zombies 3 leather golems 8 soldiers 2 horned devils 12 succubi 17 incubi 7 giant beetles 11 cockatrices 76 wolves a winter wolf cub 5 black lights a lynx 4 panthers 160 gremlins 3 leprechauns 2 quivering blobs 3 spotted jellies 12 lizards 3 mountain nymphs 3 orc-captains a mumak 5 giant spiders 6 scorpions 4 iron piercers 6 horses 9 vampire bats 7 forest centaurs 6 gnome kings 2 orc mummies 6 dwarf mummies an ogre a brown pudding 12 Green-elves a rust monster 12 owlbears 3 yetis 4 gold golems 3 werewolves a piranha 3 giant eels 14 ninja 2 roshis 9 chickatrices 2 dogs a dingo 2 housecats 2 dwarf lords 3 blue jellies 3 gray unicorns a black unicorn 3 dust vortices 6 ravens 8 plains centaurs 2 gnome mummies 10 Woodland-elves 4 snakes 14 apes 18 human zombies a rope golem 12 soldier ants 3 fire ants 8 yellow lights 4 bugbears 4 imps 3 wood nymphs 10 Mordor orcs 10 Uruk-hai 2 orc shamans 3 rock moles 3 ponies 7 fog clouds a shrieker 15 gnome lords 2 gnomish wizards 7 kobold mummies 2 gray oozes 5 barrow wights 24 elf zombies 19 ghouls 2 straw golems a paper golem 3 jellyfish 14 giant ants a puppy 8 floating eyes a kitten 14 dwarves a homunculus 2 quasits 2 kobold lords 5 kobold shamans 3 iguanas 22 hill orcs 9 rothes 4 rabid rats a centipede 3 jitterbugs 2 giant bats 3 monkeys 15 orc zombies 19 dwarf zombies 2 wererats 2 werejackals 20 killer bees a coyote a gas spore 3 acid blobs 3 large kobolds 5 geckos 15 hobgoblins 9 giant rats 12 cave spiders 2 brown molds 2 yellow molds 2 green molds 2 red molds 59 gnomes 4 garter snakes 11 manes 19 gnome zombies 18 jackals 3 foxes a kobold 7 newts 8 goblins 5 sewer rats 9 grid bugs 2 lichens 23 kobold zombies 2206 creatures vanquished. Genocided species: chickatrices cockatrices pyrolisks hobbits dwarves bugbears dwarf lords dwarf kings quantum mechanics mind flayers master mind flayers wood nymphs water nymphs mountain nymphs island nymphs baby gray dragons baby silver dragons baby red dragons baby white dragons baby orange dragons baby black dragons baby blue dragons baby green dragons baby yellow dragons young gray dragons young silver dragons young red dragons young white dragons young orange dragons young black dragons young blue dragons young green dragons young yellow dragons gray dragons silver dragons red dragons white dragons orange dragons black dragons blue dragons green dragons yellow dragons elder gray dragons elder silver dragons elder red dragons elder white dragons elder orange dragons elder black dragons elder blue dragons elder green dragons elder yellow dragons ancient gray dragons ancient silver dragons ancient red dragons ancient white dragons ancient orange dragons ancient black dragons ancient blue dragons ancient green dragons ancient yellow dragons liches demiliches master liches arch-liches rust monsters disenchanters jellyfish piranhas sharks giant eels electric eels krakens 72 species genocided. Voluntary challenges: You used a wielded weapon 4902 times, starting on turn 1. You did not use plumbed fixtures. You read items or engraved 74 times, starting on turn 1171. You genocided 72 types of monsters, starting on turn 5264. You polymorphed 14 items, starting on turn 26529. You changed form 2 times, starting on turn 1597. You cheated 2 times but completed Sokoban on turn 5070. You used 3 wishes, starting on turn 15020. You did not wish for any artifacts. You never split a pudding. You wrote Elbereth's name 3 times, starting on turn 2998. You violated your moral code, losing 13 points of alignment, starting on turn 8968. Dungeon overview: The Dungeons of Doom: levels 1 to 31 Level 1 stairs to The Elemental Planes Level 2 some fountains stairs to The Gnomish Mines Level 3 some fountains, a sink Level 4 a general store, a fountain Level 5 a general store, some altars to Raijin and Susanowo, some fountains Level 6 (WAND OF CANCELLATION) Level 7 an altar to Amaterasu Omikami Level 8 Level 9 many fountains Level 10 stairs to Sokoban Level 11 Level 12 Level 13 some fountains Level 14 an altar to Amaterasu Omikami, a fountain Level 15 a general store, some fountains Level 16 an altar to Amaterasu Omikami, a fountain portal to The Quest Level 17 a fountain Level 18 Level 19 some fountains Level 20 a general store, some fountains, a sink Level 21 Level 22 some altars to Raijin, a fountain Level 23 a sink Level 24 Level 25 Level 26 Level 27 Level 28 Level 29 Level 30 Level 31 a magic chest, many fountains, many sinks, many trees Gehennom: levels 32 to 59 Level 32 a temple to Moloch, a magic chest stairs to The Dungeons of Doom Level 33 Level 34 Level 35 Level 36 a magic chest Level 37 Level 38 Level 39 Level 40 some fountains Level 41 stairs to Vlad's Tower Level 42 Level 43 a magic chest Level 44 some shops, an altar to Moloch, a magic chest Level 45 Level 46 Level 47 Level 48 Level 49 a magic chest Level 50 Level 51 portal to Gehennom Level 52 Level 53 Level 54 Level 55 Level 56 (stair underneath hole to the west) portal to Gehennom Level 57 Level 58 Level 59 The Gnomish Mines: levels 3 to 10 Level 3 stairs to The Dungeons of Doom Level 4 Level 5 many shops, a temple to Amaterasu Omikami, a magic chest, some fountains, some trees Level 6 Level 7 Level 8 Level 9 Level 10 a magic chest, some fountains The Quest: levels 1 to 5 Level 1 a magic chest portal to The Dungeons of Doom Level 2 Level 3 Level 4 Level 5 Sokoban: levels 6 to 9 Level 6 a magic chest Level 7 Level 8 Level 9 a magic chest stairs to The Dungeons of Doom Vlad's Tower: levels 38 to 40 Level 38 Level 39 an altar to Moloch Level 40 stairs to Gehennom The Elemental Planes: Astral Plane <- You were here some high altars Plane 4 portal to The Elemental Planes Plane 3 portal to The Elemental Planes Plane 2 portal to The Elemental Planes Plane 1 portal to The Elemental Planes History has recorded: On T:1 you entered the Dungeons of Doom to retrieve the Amulet of Yendor! On T:126 you reached level 2 of The Dungeons of Doom. On T:255 you advanced to experience level 2. On T:411 you reached level 1 of The Gnomish Mines. On T:420 you advanced to experience level 3. On T:493 you advanced to experience level 4. On T:610 you reached level 2 of The Gnomish Mines. On T:630 you advanced to experience level 5. On T:708 you reached level 3 of The Gnomish Mines. On T:741 you entered the Minetown temple On T:760 you opened a magic chest. On T:899 you reached level 4 of The Gnomish Mines. On T:960 you received Snickersnee from Amaterasu Omikami. On T:997 you advanced to experience level 6. On T:1191 you reached level 5 of The Gnomish Mines. On T:1274 you reached level 6 of The Gnomish Mines. On T:1297 you advanced to experience level 7. On T:1450 you reached level 7 of The Gnomish Mines. On T:1594 you reached level 8 of The Gnomish Mines. On T:1594 you reached the bottom of the Mines. On T:2213 you prayed to Amaterasu Omikami. On T:2292 you reached level 3 of The Dungeons of Doom. On T:2487 you reached level 4 of The Dungeons of Doom. On T:2692 you reached level 5 of The Dungeons of Doom. On T:2756 you prayed to Amaterasu Omikami. On T:2910 you reached level 6 of The Dungeons of Doom. On T:3071 you reached level 7 of The Dungeons of Doom. On T:3081 you advanced to experience level 8. On T:3177 you reached level 8 of The Dungeons of Doom. On T:3302 you advanced to experience level 9. On T:3349 you reached level 9 of The Dungeons of Doom. On T:3414 you reached level 10 of The Dungeons of Doom. On T:3496 you reached level 4 of Sokoban. On T:3757 you reached level 3 of Sokoban. On T:3942 you reached level 2 of Sokoban. On T:4476 you reached level 1 of Sokoban. On T:5070 you entered the Sokoban zoo. On T:5415 you reached level 11 of The Dungeons of Doom. On T:5667 you reached level 12 of The Dungeons of Doom. On T:5801 you advanced to experience level 10. On T:5909 you reached level 13 of The Dungeons of Doom. On T:6065 you reached level 14 of The Dungeons of Doom. On T:6535 you reached level 15 of The Dungeons of Doom. On T:6768 you reached level 16 of The Dungeons of Doom. On T:6969 you reached level 1 of The Quest. On T:7412 you reached level 17 of The Dungeons of Doom. On T:7593 you reached level 18 of The Dungeons of Doom. On T:7593 you entered the Rogue tribute level. On T:7817 you reached level 19 of The Dungeons of Doom. On T:7980 you reached level 20 of The Dungeons of Doom. On T:8283 you reached level 21 of The Dungeons of Doom. On T:8499 you reached level 22 of The Dungeons of Doom. On T:8530 you advanced to experience level 11. On T:8882 you reached level 23 of The Dungeons of Doom. On T:9218 you reached level 24 of The Dungeons of Doom. On T:9463 you reached level 25 of The Dungeons of Doom. On T:9977 you advanced to experience level 12. On T:12473 you advanced to experience level 13. On T:12595 you advanced to experience level 14. On T:13105 you reached level 26 of The Dungeons of Doom. On T:13234 you killed Medusa on level 25 of The Dungeons of Doom. On T:13371 you reached level 27 of The Dungeons of Doom. On T:13663 you reached level 28 of The Dungeons of Doom. On T:13738 you reached level 29 of The Dungeons of Doom. On T:13914 you reached level 30 of The Dungeons of Doom. On T:13933 you reached The Castle. On T:15020 you wished for "blessed greased fixed +3 speed boots". On T:15081 you reached The Valley of the Dead. On T:15409 you advanced to experience level 15. On T:15676 you reached level 2 of Gehennom. On T:15944 you reached level 3 of Gehennom. On T:16006 you reached level 4 of Gehennom. On T:16194 you reached level 5 of Gehennom. On T:16427 you reached level 6 of Gehennom. On T:16736 you reached level 7 of Gehennom. On T:17005 you killed Juiblex on level 7 of Gehennom. On T:17036 you reached level 8 of Gehennom. On T:17408 you killed Asmodeus on level 5 of Gehennom. On T:17953 you embarked upon an epic quest. On T:17960 you reached level 2 of The Quest. On T:18040 you reached level 3 of The Quest. On T:18191 you reached level 4 of The Quest. On T:18257 you reached level 5 of The Quest. On T:18354 you advanced to experience level 16. On T:18354 you advanced to experience level 17. On T:18355 you advanced to experience level 18. On T:18355 you advanced to experience level 19. On T:18356 you advanced to experience level 20. On T:18449 you killed Ashikaga Takauji on level 5 of The Quest. On T:18619 you completed the quest! On T:20044 you reached level 9 of Gehennom. On T:20273 you reached level 10 of Gehennom. On T:20279 you reached level 3 of Vlad's Tower. On T:20395 you reached level 2 of Vlad's Tower. On T:20471 you reached level 1 of Vlad's Tower. On T:20539 you wished for "blessed greased fixed +3 shield of reflection". On T:20589 you killed Vlad the Impaler on level 1 of Vlad's Tower. On T:20804 you reached level 11 of Gehennom. On T:20810 you reached level 12 of Gehennom. On T:20839 you advanced to experience level 21. On T:20996 you reached level 13 of Gehennom. On T:21231 you killed Dispater on level 12 of Gehennom. On T:21602 you wished for "blessed greased fixed +3 gauntlets of power". On T:21657 you advanced to experience level 22. On T:21767 you killed Orcus on level 13 of Gehennom. On T:21767 you reached level 14 of Gehennom. On T:22044 you reached level 15 of Gehennom. On T:22155 you reached level 16 of Gehennom. On T:22300 you reached level 17 of Gehennom. On T:22471 you reached level 18 of Gehennom. On T:22666 you reached level 19 of Gehennom. On T:22979 you reached level 20 of Gehennom. On T:23271 you reached level 21 of Gehennom. On T:23393 you advanced to experience level 23. On T:23662 you reached level 22 of Gehennom. On T:23668 you reached level 24 of Gehennom. On T:23721 you reached level 25 of Gehennom. On T:23915 you reached level 26 of Gehennom. On T:25031 you killed Yeenoghu on level 25 of Gehennom. On T:25628 you killed Wizard of Yendor on level 18 of Gehennom. On T:25935 you performed the invocation. On T:26224 you killed Wizard of Yendor on level 28 of Gehennom. On T:26385 you gained the Amulet of Yendor! On T:26670 you reached level 23 of Gehennom. On T:26745 you lost the Amulet of Yendor. On T:26748 you killed Wizard of Yendor on level 21 of Gehennom. On T:26892 you killed Wizard of Yendor on level 21 of Gehennom. On T:26894 you gained the Amulet of Yendor! On T:26955 you killed Wizard of Yendor on level 20 of Gehennom. On T:28047 you killed Wizard of Yendor on level 24 of The Dungeons of Doom. On T:28611 you reached the Plane of Earth. On T:28612 you lost the Amulet of Yendor. On T:28613 you killed Wizard of Yendor on the Plane of Earth. On T:28614 you gained the Amulet of Yendor! On T:28689 you reached the Plane of Air. On T:28800 you reached the Plane of Fire. On T:28866 you reached the Plane of Water. On T:28927 you reached the Astral Plane. On T:28980 you killed Famine on the Astral Plane. On T:29010 you lost the Amulet of Yendor. On T:29010 you offered the Amulet of Yendor to Amaterasu Omikami and ascended to the status of Demigoddess! Score breakdown: Gold: 0 ( 0 points) Experience: 23 levels ( 2000 points) Exploration: 59 levels ( 2000 points) Discoveries: 112 items ( 2000 points) Variety of kills: 271 monsters ( 2000 points) Major goal: ascended ( 5000 points) Ascension bonuses Valuables value: 9300 ( 930 points) Artifacts: 1 ( 1000 points) Speed bonus: 29010 turns ( 3549 points) Conduct bonus: 2 conducts ( 3000 points) Survival: ascended (score multiplied by 10) Total score: 214790 Latest messages: The high priest intones: "Pilgrim, you enter a sacred place!" The priest of Susanowo picks up a cursed mace. The vampire lord scratches the Angel of Raijin. The vampire lord misses the Angel of Raijin. The Angel of Raijin swings her long sword at the vampire lord. The Angel of Raijin slashes the vampire lord. The Angel of Raijin swings her long sword at the vampire lord. The Angel of Raijin slashes the vampire lord. The Angel of Raijin punches the vampire lord. The Angel of Raijin casts a spell at the vampire lord! The vampire lord is hit by a shower of missiles! The priest of Susanowo tries to wield a cursed mace. The priest of Susanowo's mace is welded to his hand! The priest of Susanowo casts a spell at something! You offer the Amulet of Yendor to Amaterasu Omikami... An invisible choir sings, and you are bathed in radiance... The voice of Amaterasu Omikami rings out: "Congratulations, mortal!" "In return for thy service, I grant thee the gift of Immortality!" You ascend to the status of Demigoddess... Final status: Sayonara Meltem the Farting Queen the Demigoddess, ascended... You went to your reward with 214790 points, Snickersnee (worth 1200 zorkmids) 2 emeralds (worth 5000 zorkmids), 1 diamond (worth 4000 zorkmids), 1 amulet of life saving (worth 150 zorkmids), 1 amulet of reflection (worth 150 zorkmids), and 0 pieces of gold, after 29010 moves. You were level 23 with a maximum of 185 hit points when you ascended.